 Dungeon Crawl Stone Soup version 0.26.1-11-gd32895ea62 (webtiles) character file.

Game seed: 11241518894911726257

22024 ubername the Frost Mage (level 12, -24/87 HPs)
             Began as a Barachi Ice Elementalist on July 15, 2021.
             Was an Elder of Vehumet.
             Annihilated by a titanic slime creature (102 damage)
             ... on level 14 of the Dungeon.
             The game lasted 01:15:54 (22785 turns).

ubername the Frost Mage (Barachi Ice Elementalist) Turns: 22785, Time: 01:15:55

Health: -24/87     AC: 19    Str: 11    XL:     12   Next: 96%
Magic:  26/27      EV: 14    Int: 18    God:    Vehumet [****..]
Gold:   637        SH:  0    Dex: 14    Spells: 14/33 levels left

rFire    . . .     SeeInvis .   a - +7 sceptre of Torment {pain, torment}
rCold    + . .     Faith    .   (no shield)
rNeg     . . .     Spirit   .   f - +0 robe
rPois    .         Reflect  .   Q - +2 hat
rElec    .         Harm     .   l - +0 cloak
rCorr    .         Rampage  .   D - +0 pair of gloves
Will     .....                  (no boots)
Stlth    ++........             e - amulet of magic regeneration
HPRegen  0.24/turn              E - ring of protection from cold
MPRegen  0.45/turn              J - +4 ring of protection

@: icy armour, slow
A: +LOS, swims, blink, slowness 1, strong legs 1
a: Hop, Blink, Renounce Religion


You were on level 14 of the Dungeon.
You worshipped Vehumet.
Vehumet was greatly pleased with you.
You visited 1 branch of the dungeon, and saw 14 of its levels.

You collected 857 gold pieces.
You spent 220 gold pieces at shops.

Inventory:

Hand Weapons
 a - the +7 sceptre of Torment (weapon) {pain, torment}
   (You took it off a wight on level 9 of the Dungeon)

   In the hands of one skilled in necromantic magic, it inflicts extra damage on
   living creatures.
 b - a +1 hunting sling of flaming
Missiles
 d - 382 stones
 n - 74 poisoned darts (quivered)
 z - 7 javelins
 B - 18 sling bullets
Armour
 f - a +0 robe (worn)
 l - a +0 cloak (worn)
 D - a +0 pair of gloves (worn)
 Q - a +2 hat (worn)
Jewellery
 e - an amulet of magic regeneration (around neck)
 v - a +4 ring of evasion
 E - a ring of protection from cold (left hand)
 J - a +4 ring of protection (right hand)
 O - an uncursed ring of ice
 P - an uncursed ring of see invisible
Wands
 c - a wand of iceblast (25)
 q - a wand of polymorph (4)
 x - a wand of paralysis (25)
 F - a wand of digging (11)
 R - a wand of disintegration (9)
 Z - a wand of acid (15)
Scrolls
 i - 9 scrolls of remove curse
 m - 3 scrolls of enchant armour
 y - 4 scrolls of amnesia
 M - a scroll of enchant weapon
 T - a scroll of teleportation
Potions
 j - 4 potions of haste
 k - 2 potions of attraction
 w - a potion of berserk rage
 A - 2 potions of ambrosia
 I - 6 potions of curing
 N - a potion of might
 V - a potion of brilliance
 X - a potion of resistance
 Y - a potion of magic
Miscellaneous
 h - a box of beasts
 H - a lightning rod (4/4)
 K - a box of beasts


   Skills:
 + Level 5.9 Fighting
 + Level 3.6 Short Blades
 * Level 7.2 Maces & Flails
 - Level 1.2 Polearms
 * Level 9.0 Slings
 - Level 1.4(5.8) Throwing
 + Level 4.8 Dodging
 + Level 3.5 Stealth
 * Level 11.3 Spellcasting
 + Level 2.1 Conjurations
 + Level 1.2 Summonings
 * Level 5.0 Fire Magic
 * Level 12.9 Ice Magic
 + Level 0.2 Air Magic
 + Level 0.1 Poison Magic
 + Level 0.1 Evocations


You had 14 spell levels left.
You knew the following spells:

 Your Spells              Type           Power        Failure   Level
a - Freeze                Ice            100%         1%          1
b - Frozen Ramparts       Ice            100%         1%          3
c - Ozocubu's Armour      Ice            54%          1%          3
d - Hailstorm             Conj/Ice       37%          1%          4
e - Foxfire               Conj/Fire      92%          1%          1
f - Summon Ice Beast      Ice/Summ       35%          3%          4
g - Mephitic Cloud        Conj/Pois/Air  13%          4%          3

Your spell library contained the following spells:

 Spells                   Type           Power        Failure   Level
 Sticky Flame             Conj/Fire      23%          4%          4


Dungeon Overview and Level Annotations

Branches:
Dungeon (14/15)            Temple (0/1) D:7            Lair (0/6) D:11
    Orc (0/2) D:12
 Vaults: D:13-14

Altars:
Ashenzari
Dithmenos
Elyvilon
Fedhas
Gozag
Nemelex Xobeh
Okawaru
Qazlal
Uskayaw
Vehumet

Shops:
D:10 ?   D:12 (:[

Annotations:
D:5 exclusion: oklob plant


Innate Abilities, Weirdness & Mutations

You can be seen from farther away. (+LOS)
You can swim through water.
You cover ground slowly.
You can hop short distances.
You can translocate small distances at will.


Message History

The very large slime creature hits you!
The wall freezes the large slime creature.
A large slime creature splits.
You bludgeon the very large slime creature!!
The very large slime creature convulses!
The slime creature convulses!
The very large slime creature is almost dead.
The wall freezes the very large slime creature!
The very large slime creature barely misses you.
The wall freezes the slime creature!
Two slime creatures merge to form an enormous slime creature.
You impale the enormous slime creature!!
The enormous slime creature is almost dead.
The wall freezes the slime creature!
Two slime creatures merge to form a titanic slime creature.
You hit the titanic slime creature.
The titanic slime creature is severely wounded.
The frozen ramparts melt away.
The titanic slime creature hits you!!!!
Ouch! That really hurt!
You die...

,,,,***,,*****,* #.# #.* #.#
,,,,,,,,,*****,** #.# #.## #.#
,,,,*******,,,<,*##.###..###.#
,,,,* *###,,,,,*#......)..#.#
*,*** *,...,,,,*#..#*##.#.#.#
*,* *,*#<.,,,*#..###.#..#>#
*,* *,*#...,,*#..##.###.#.#
*,* *,***#..###.=..## ##..#
*,* *,* #..J@..###.###...# *,*
*^***##(##### *#.#.##.# *,*
*,**,..,* *#.###.# *,*
*,*#.#*** #.###.### *,* *,*#,*
#.#.....# *,* *,**,* #.#.....#
*,******,**,* #...._..#
*,,,,,,,,**,***** #.......#
***********,,,,,* ###.....#


You could see a titanic slime creature.

Vanquished Creatures
  Gastronok (D:10)
  2 hydras
  A boulder beetle (D:12)
  4 two-headed ogres
  An unseen horror (D:12)
  An ugly thing (D:13)
  2 cyclopes (D:13)
  2 manticores
  A centaur skeleton (D:12)
  A komodo dragon (D:11)
  A gargoyle (D:11)
  A freezing wraith (D:14)
  6 slime creatures
  2 trolls (D:13)
  A hornet (D:12)
  Sigmund (D:2)
  5 wyverns
  A basilisk (D:11)
  6 yaks (D:12)
  A steam dragon (D:11)
  2 humans (D:7)
  A soldier ant (D:12)
  A water moccasin (D:11)
  9 ice beasts
  6 orc warriors
  4 phantoms
  4 sky beasts
  An eye of draining (D:11)
  7 ogres
  12 centaurs
  6 bullfrogs
  A gnoll sergeant (D:7)
  A wyvern zombie (D:9)
  3 scorpions
  A water moccasin skeleton (D:8)
  14 killer bees
  16 wights
  2 quasits (D:9)
  3 centaur zombies
  3 jellies
  4 bullfrog zombies
  7 orc priests
  7 hounds
  10 orc wizards
  A gnoll shaman (D:8)
  3 iguanas
  Ijyb (D:3)
  Natasha (thrice) (D:3)
  4 worker ants
  A killer bee zombie (D:9)
  2 hound skeletons
  A hound zombie (D:5)
  A howler monkey zombie (D:8)
  Robin (D:3)
  11 gnolls
  15 adders
  2 shadow imps
  A white imp (D:10)
  2 ufetubi
  An ooze (D:1)
  An adder zombie (D:8)
  An adder skeleton (D:9)
  4 worms
  7 dart slugs
  5 leopard geckos
  41 orcs
  9 giant cockroaches
  23 goblins
  14 hobgoblins
  22 jackals
  4 quokkas
  2 ball pythons
  8 bats
  4 frilled lizards
  8 kobolds
  2 quokka skeletons
  2 quokka zombies (D:6)
  7 rats
380 creatures vanquished.

Vanquished Creatures (collateral kills)
  A two-headed ogre (D:11)
  A troll (D:10)
  A nameless horror (D:9)
  An orc wizard (D:9)
4 creatures vanquished.

Vanquished Creatures (others)
  2 gnolls (D:6)
  An orc (D:6)
  226 foxfires
  A fungus (D:5)
  8 plants (D:5)
238 creatures vanquished.

Grand Total: 622 creatures vanquished

Notes
Turn   | Place    | Note
-------+----------+-------------------------------------------
     0 | D:1      | ubername the Barachi Ice Elementalist began the quest for
                  | the Orb.
     0 | D:1      | Reached XP level 1. HP: 13/13 MP: 3/3
   173 | D:1      | Reached skill level 5 in Ice Magic
   245 | D:1      | Reached XP level 2. HP: 3/19 MP: 1/5
  1049 | D:1      | Reached XP level 3. HP: 24/24 MP: 3/6
  1053 | D:1      | Learned a level 3 spell: Frozen Ramparts
  1057 | D:1      | Learned a level 3 spell: Ozocubu's Armour
  1585 | D:2      | Reached XP level 4. HP: 30/30 MP: 8/8
  1722 | D:2      | Reached skill level 1 in Slings
  1819 | D:2      | Noticed an ogre
  1828 | D:2      | Killed an ogre
  1829 | D:2      | Reached XP level 5. HP: 21/38 MP: 4/10
  2538 | D:2      | Found a sparkling altar of Nemelex Xobeh.
  2658 | D:2      | Noticed Sigmund
  2666 | D:2      | Killed Sigmund
  2667 | D:2      | Reached skill level 6 in Ice Magic
  2667 | D:2      | Reached XP level 6. HP: 37/46 MP: 6/11
  2732 | D:2      | Found a stormy altar of Qazlal.
  2833 | D:2      | Gained mutation: You are frail. (-10% HP) [potion of
                  | mutation]
  2833 | D:2      | Gained mutation: You evolve. [potion of mutation]
  3041 | D:3      | Gained mutation: You can translocate small distances at
                  | will. [evolution]
  3335 | D:3      | Noticed Robin
  3350 | D:3      | Killed Robin
  3638 | D:3      | Noticed Ijyb
  3655 | D:3      | Killed Ijyb
  3656 | D:3      | Reached XP level 7. HP: 43/45 MP: 7/12
  3741 | D:3      | You fall into a shaft and drop 1 floor!
  3754 | D:4      | Found a white marble altar of Elyvilon.
  3841 | D:3      | You fall into a shaft and drop 2 floors!
  3841 | D:5      | Entered Level 5 of the Dungeon
  3964 | D:4      | Reached skill level 5 in Slings
  4241 | D:4      | Found an opulent altar of Gozag.
  4248 | D:4      | Lost mutation: You are frail. (-10% HP) [evolution]
  4248 | D:4      | Lost mutation: You evolve. [end of evolution]
  4475 | D:3      | Noticed Natasha
  4484 | D:3      | Killed Natasha
  4556 | D:3      | Noticed Natasha
  4564 | D:3      | Killed Natasha
  4597 | D:3      | Reached XP level 8. HP: 58/58 MP: 9/14
  4683 | D:3      | Noticed Natasha
  4698 | D:3      | Killed Natasha
  6155 | D:5      | Found a shadowy altar of Dithmenos.
  6343 | D:5      | Found a blossoming altar of Fedhas.
  6353 | D:5      | Noticed an oklob plant
  6495 | D:5      | Reached skill level 7 in Ice Magic
  6836 | D:6      | Found a white marble altar of Elyvilon.
  7050 | D:6      | Reached skill level 1 in Short Blades
  7274 | D:6      | Found a radiant altar of Vehumet.
  7300 | D:6      | Became a worshipper of Vehumet
  7488 | D:7      | Reached skill level 1 in Throwing
  7624 | D:7      | Found a staircase to the Ecumenical Temple.
  7666 | D:7      | Reached skill level 5 in Spellcasting
  7804 | D:7      | Found a broken altar of Ashenzari.
  8043 | D:7      | Learned a level 4 spell: Hailstorm
  8290 | D:7      | Reached XP level 9. HP: 57/65 MP: 13/17
  9021 | D:7      | Found an iron altar of Okawaru.
  9032 | D:7      | Reached skill level 8 in Ice Magic
 10490 | D:8      | Noticed a two-headed ogre
 10506 | D:8      | Killed a two-headed ogre
 10507 | D:8      | Reached skill level 9 in Ice Magic
 11090 | D:8      | Noticed a two-headed ogre
 11097 | D:8      | Reached * piety under Vehumet
 11097 | D:8      | Offered knowledge of Foxfire by Vehumet.
 11106 | D:8      | Killed a two-headed ogre
 11107 | D:8      | Reached XP level 10. HP: 53/73 MP: 11/21
 11432 | D:8      | Learned a level 1 spell: Foxfire
 12217 | D:9      | HP: 3/73 [wyvern zombie (14)]
 13037 | D:9      | Learned a level 4 spell: Summon Ice Beast
 13206 | D:9      | Found a hide-covered altar of Uskayaw.
 13221 | D:9      | Reached ** piety under Vehumet
 13225 | D:9      | Offered knowledge of Sandblast by Vehumet.
 13231 | D:9      | Reached skill level 1 in Polearms
 13232 | D:9      | Reached skill level 1 in Summonings
 14021 | D:9      | Reached skill level 1 in Maces & Flails
 14297 | D:10     | Entered Level 10 of the Dungeon
 14297 | D:10     | Found Sualiel's Magic Scroll Shoppe.
 14303 | D:10     | Bought a scroll of brand weapon for 220 gold pieces
 14359 | D:10     | Offered knowledge of Mephitic Cloud by Vehumet.
 14363 | D:10     | Reached skill level 10 in Ice Magic
 14426 | D:10     | Reached skill level 5 in Fighting
 14426 | D:10     | Reached skill level 1 in Fire Magic
 15480 | D:10     | Noticed Gastronok
 15715 | D:10     | Learned a level 3 spell: Mephitic Cloud
 15719 | D:10     | Killed Gastronok
 15720 | D:10     | Reached XP level 11. HP: 79/79 MP: 24/24
 16203 | D:11     | Noticed a six-headed hydra
 16281 | D:11     | Reached *** piety under Vehumet
 16507 | D:11     | Killed a six-headed hydra
 16961 | D:12     | Reached skill level 11 in Ice Magic
 17259 | D:12     | Killed an unseen horror
 17638 | D:12     | Noticed a manticore
 17708 | D:12     | Found a staircase to the Orcish Mines.
 17737 | D:12     | Noticed a boulder beetle
 17757 | D:12     | Killed a boulder beetle
 17758 | D:12     | Reached skill level 10 in Spellcasting
 17758 | D:12     | Reached skill level 1 in Conjurations
 17827 | D:12     | Noticed a two-headed ogre
 17844 | D:12     | Killed a two-headed ogre
 17926 | D:12     | Reached skill level 5 in Maces & Flails
 18022 | D:12     | Killed a manticore
 18159 | D:12     | Offered knowledge of Conjure Flame by Vehumet.
 18317 | D:12     | Found Cyamunag's Antique Weapon Emporium.
 18600 | D:11     | Reached XP level 12. HP: 75/86 MP: 24/26
 18956 | D:11     | Reached skill level 12 in Ice Magic
 19041 | D:11     | Found a staircase to the Lair.
 19081 | D:11     | Noticed a two-headed ogre
 19087 | D:11     | Killed a two-headed ogre
 19453 | D:11     | Noticed a two-headed ogre
 19468 | D:11     | Killed a two-headed ogre
 19778 | D:12     | Found Ajing's Book Shop.
 19781 | D:12     | Found Coitanav's Armour Shoppe.
 19785 | D:12     | Reached **** piety under Vehumet
 20467 | D:13     | Noticed a four-headed hydra
 20480 | D:13     | Killed a four-headed hydra
 20809 | D:13     | Offered knowledge of Sticky Flame by Vehumet.
 22248 | D:14     | Found a sparkling altar of Nemelex Xobeh.
 22488 | D:14     | Reached skill level 5 in Fire Magic
 22785 | D:14     | Annihilated by a titanic slime creature

Illustrated notes

Levels and vault maps discovered:
D:1:      dpeg_arrival_tiny_h, layout_rooms
D:2:      minmay_inner_zag, layout_loops_ring, general_overflow_altar,
          nicolae_qazlal_general_emergency, uniq_sigmund
D:3:      layout_basic, uniq_robin, uniq_natasha, uniq_ijyb
D:4:      layout_basic, kennysheep_mini, nicolae_overflow_crystal_walls
D:5:      layout_rooms, nicolae_dithmenos_shadow_blocks, st_stairs_9, tgw_fedhas
D:6:      layout_cave_pods, nicolae_tso_besieged_by_evil, fiery_altar_vehumet,
          basic_altar
D:7:      layout_layer_cave, ashenzari_altar_1, minmay_temple_entry_butterflies,
          okawaru_humans
D:8:      layout_basic
D:9:      layout_loops_ring, eat_drink_and_be_merry_uskayaw, kennysheep_diamond
D:10:     layout_rooms, serial_shops, shop, uniq_gastronok
D:11:     layout_loops_corners, erik_lair_dragon
D:12:     layout_cave_pools, erik_orc_4, serial_shops, shop, shop, shop,
          minmay_misc_feat_alley
D:13:     layout_stronghold, portal_ice_cave_entry_ice_beasts
D:14:     layout_loops_ring, skrybe_vaults_entry_preservation,
          lemuel_crystal_altar, basic_altar, minmay_door_square, uniq_louise

Skill      XL: |  1  2  3  4  5  6  7  8  9 10 11 12 |
---------------+-------------------------------------+-----
Ice Magic      | 5 6 7 9 10 11 12 | 12.9
Spellcasting   | 3 4 5 7 9 10 11 | 11.3
Slings         | 2 3 4 5 6 7 8 9 |  9.0
Fighting       | 2 3 4 5 |  5.9
Stealth        | 2 3 |  3.5
Short Blades   | 1 3 |  3.6
Throwing       | 1 |  1.4
Dodging        | 3 4 |  4.8
Polearms       | 1 |  1.2
Summonings     | 1 |  1.2
Maces & Flails | 3 5 7 |  7.2
Fire Magic     | 2 3 5 |  5.0
Conjurations   | 1 2 |  2.1
Air Magic      | |  0.2
Poison Magic   | |  0.1
Evocations     | |  0.1

Action                   |  1- 3 |  4- 6 |  7- 9 | 10-12 || total
-------------------------+-------+-------+-------+-------++-------
Melee: Club              |     5 |       |       |       ||     5
       Dagger            |    14 |     6 |   176 |    84 ||   280
       Spear             |       |       |       |    20 ||    20
       Eveningstar       |       |       |       |   191 ||   191
 Fire: Hunting sling     |    23 |   136 |   222 |    91 ||   472
Throw: Stone             |    40 |       |       |     4 ||    44
       Boomerang         |       |       |    41 |     9 ||    50
       Dart              |       |       |    36 |   138 ||   174
       Javelin           |       |       |       |    20 ||    20
 Cast: Freeze            |    27 |     9 |    14 |     2 ||    52
       Frozen Ramparts   |     3 |    11 |    33 |    65 ||   112
       Ozocubu's Armour  |     2 |     5 |    28 |    62 ||    97
       Hailstorm         |       |       |     3 |    37 ||    40
       Foxfire           |       |       |       |   144 ||   144
       Summon Ice Beast  |       |       |       |    14 ||    14
       Mephitic Cloud    |       |       |       |    10 ||    10
 Abil: Hop               |       |     1 |     2 |     7 ||    10
       Blink             |       |       |       |     1 ||     1
Evoke: Box of beasts     |       |       |       |     1 ||     1
       Lightning rod     |       |       |       |     1 ||     1
       Wand              |       |       |       |     2 ||     2
  Use: Scroll            |     4 |     2 |     7 |    17 ||    30
       Potion            |     1 |     2 |     7 |     8 ||    18
 Stab: Sleeping          |     1 |       |     1 |     1 ||     3
       Confused          |       |       |       |     2 ||     2
Armor: Robe              |     8 |     8 |    78 |   219 ||   313
Dodge: Dodged            |    50 |    32 |   138 |   363 ||   583
